 Dungeon Crawl Stone Soup version 0.28.0-53-g5a82cb258f (webtiles) character file.

Game seed: 13827749457109492998

130 Zeld the Chopper (level 4, 0/41 HPs)
             Began as a Minotaur Berserker on May 23, 2022.
             Was a Believer of Trog.
             Slain by a shadow imp (4 damage)
             ... summoned by Natasha
             ... on level 3 of the Dungeon.
             The game lasted 00:01:29 (2284 turns).

Zeld the Chopper (Minotaur Berserker)               Turns: 2284, Time: 00:01:29

Health: 0/41       AC:  2    Str: 24    XL:     4   Next: 89%
Magic:  3/3        EV: 12    Int:  4    God:    Trog [**....]
Gold:   145        SH:  0    Dex:  9    Spells: 3/3 levels left

rFire   . . .      SeeInvis .   a - +0 hand axe
rCold   . . .      Faith    .   (no shield)
rNeg    . . .      Spirit   .   b - +0 animal skin
rPois   .          Reflect  .   (helmet restricted)
rElec   .          Harm     .   (no cloak)
rCorr   .          Rampage  .   (no gloves)
Will    .....                   (no boots)
Stlth   +.........              (no amulet)
HPRegen 0.13/turn               (no ring)
MPRegen 0.08/turn               (no ring)

@: slowed, very slow
A: horns 2, retaliatory headbutt
a: Renounce Religion, Berserk, Trog's Hand


You were on level 3 of the Dungeon.
You worshipped Trog.
Trog was pleased with you.
You visited 1 branch of the dungeon, and saw 3 of its levels.

You collected 145 gold pieces.

Inventory:

Hand Weapons
 a - a +0 hand axe (weapon)
Armour
 b - a +0 animal skin (worn)
Scrolls
 c - a scroll of fear {unknown}
 d - a scroll of fog {unknown}
 e - 2 scrolls of enchant weapon {unknown}
 f - a scroll of amnesia {unknown}
 j - a scroll of vulnerability {unknown}
 k - a scroll of teleportation {unknown}
Potions
 g - a potion of degeneration {unknown}
 h - a potion of ambrosia {unknown}
 i - a potion of heal wounds {unknown}


   Skills:
 * Level 4.8 Fighting
 * Level 4.9 Axes
 + Level 3.3 Armour
 + Level 3.0 Dodging


You had 3 spell levels left.
You didn't know any spells.
Your spell library was empty.

Dungeon Overview and Level Annotations

Branches:
Dungeon (3/15)

Altars:

Annotations:
D:3 Natasha


Innate Abilities, Weirdness & Mutations

You have a pair of horns on your head.
You reflexively headbutt those who attack you in melee.


Message History

Natasha is lightly wounded.
Natasha closely misses you.
You hit Natasha but do no damage.
Natasha is lightly wounded.
Natasha misses you. You furiously retaliate!
You headbutt Natasha.
Natasha casts a spell.
The shadow imp hits you. What are your orders? t - Shout!
Orders for allies: a - Attack new target. r - Retreat! s - Stop attacking. g - Guard the area. f - Follow me.
Anything else - Cancel.
You shout for attention!
Natasha claws you. The shadow imp gestures at you.
Pain shoots through your body! Natasha claws you.
* * * LOW HITPOINT WARNING * * *
What are your orders? t - Shout!
Orders for allies: a - Attack new target. r - Retreat! s - Stop attacking. g - Guard the area. f - Follow me.
Anything else - Cancel.
Okay, then.
You hit Natasha.
Natasha is severely wounded.
You hit the shadow imp. The shadow imp hits you.
* * * LOW HITPOINT WARNING * * *
Natasha barely misses you. The shadow imp barely misses you.
You furiously retaliate!
You headbutt the shadow imp. The shadow imp barely misses you.
You hit Natasha. Your headbutt misses Natasha.
Natasha is almost dead.
You barely miss the shadow imp. You hit the shadow imp.
Natasha closely misses you. The shadow imp completely misses you.
The shadow imp hits you.
* * * LOW HITPOINT WARNING * * *
Natasha barely misses you. The shadow imp hits you.
You die...

####.# #.##..#
#.#####.##..#
#.......##..######
#.##.........)...####
#.####.###(.#.......#
#.# #.# #..#.##.##.###
#.####.###..#.##.##.#..
#....h55...............
#.####@###.##.##)##.#.#
#.# #.# #.##.##.##.#>#
#.# #.# #.##.......#.#
#.# ##.###.#####.####.#
#.# #.#.....^....# #.#
#.# ##.########### #.#
#.# #.# #####...####.#
#.####.###.............
#..........###...######


You could see Natasha and 2 shadow imps.

Vanquished Creatures
  A hound (D:2)
  Natasha (twice) (D:3)
  An adder (D:2)
  A worm (D:2)
  2 dart slugs (D:2)
  4 endoplasms
  2 giant cockroaches
  2 goblins (D:3)
  2 hobgoblins
  2 jackals (D:2)
  5 kobolds
  A quokka (D:1)
  A ball python (D:1)
  5 bats
  2 frilled lizards
  3 rats (D:1)
36 creatures vanquished.

Vanquished Creatures (others)
  3 plants (D:1)
3 creatures vanquished.

Grand Total: 39 creatures vanquished

Notes
Turn   | Place    | Note
-------+----------+-------------------------------------------
     0 | D:1      | Zeld the Minotaur Berserker began the quest for the Orb.
     0 | D:1      | Reached XP level 1. HP: 19/19 MP: 0/0
   236 | D:1      | Reached XP level 2. HP: 27/27 MP: 1/1
   453 | D:1      | Found a faded altar of an unknown god.
   453 | D:1      | Noticed a shadow demon
   888 | D:2      | Reached XP level 3. HP: 12/33 MP: 2/2
   927 | D:2      | Reached ** piety under Trog
  1391 | D:2      | Reached XP level 4. HP: 40/41 MP: 3/3
  1984 | D:3      | Noticed Natasha
  1990 | D:3      | Killed Natasha
  2176 | D:3      | Noticed Natasha
  2178 | D:3      | Killed Natasha
  2271 | D:3      | Noticed Natasha
  2284 | D:3      | Slain by a shadow imp

Illustrated notes

Levels and vault maps discovered:
D:1:      dpeg_arrival_windows_large_door, layout_basic,
          dreamdust_ecumenical_altar_sealed_demon, serial_forest,
          infiniplex_forest_clump_small, infiniplex_forest_lined_4_way,
          infiniplex_forest_clump_small, infiniplex_forest_clump_C,
          infiniplex_forest_clump_small
D:2:      layout_basic
D:3:      layout_loops_ring, uniq_natasha

Skill      XL: |  1  2  3  4 |
---------------+-------------+-----
Axes           | 4 |  4.9
Fighting       | 4 |  4.8
Armour         | 3 |  3.3
Dodging        | 3 |  3.0

Action                   |  1- 3 |  4- 6 || total
-------------------------+-------+-------++-------
Melee: Hand axe          |    46 |    28 ||    74
       Headbutt          |    13 |     4 ||    17
 Stab: Sleeping          |     1 |       ||     1
Armor: Animal skin       |    12 |     3 ||    15
Dodge: Dodged            |    25 |    21 ||    46
